 Dungeon Crawl Stone Soup version 0.17-a0-2064-g265a032 (webtiles) character file.

18635 MDvedh the Carver (level 12, -1/89 HPs)
             Began as a Vampire Ice Elementalist on Oct 12, 2015.
             Was an Elder of Okawaru.
             Slain by a 15-headed hydra (9 damage)
             ... on level 4 of the Lair of Beasts.
             The game lasted 00:49:29 (16419 turns).

MDvedh the Carver (Vampire Ice Elementalist)       Turns: 16419, Time: 00:49:29

Health: -1/89      AC: 14    Str:  8    XL:     12   Next: 29%
Magic:  15/16      EV: 15    Int: 18    God:    Okawaru [****..]
Gold:   525        SH:  0    Dex: 18    Spells: 4 memorised, 6 levels left

rFire  . . .     SeeInvis +     M - +2 scimitar (freeze)
rCold  + . .     Clarity  +     L - +0 scale mail "Hiudil" {Regen+} (curse)
rNeg   + . .     SustAt   .     (no shield)
rPois  .         Gourm    .     B - +2 hat
rElec  .         Spirit   .     g - +0 cloak
rCorr  .         Warding  .     s - +0 pair of gloves
rMut   .         Rnd*Tele +     C - +1 pair of boots {run}
MR     +....                    x - amulet of clarity
Stlth  +++.......               p - ring of protection from cold
                                b - ring of teleportation (curse)

@: heroism, quick, somewhat resistant to hostile enchantments, fairly stealthy
A: fangs 3, see invisible, unbreathing
a: Bat Form, Heroism, Renounce Religion, Evoke Teleportation


You were on level 4 of the Lair of Beasts.
You worshipped Okawaru.
Okawaru was greatly pleased with you.
You were not thirsty.

You visited 2 branches of the dungeon, and saw 16 of its levels.
You also visited: Sewer, Ossuary and Bailey.

You collected 1215 gold pieces.
You spent 690 gold pieces at shops.

Inventory:

Hand Weapons
 M - a +2 scimitar of freezing (weapon)
Armour
 d - a +2 robe of cold resistance
 g - a +0 cloak (worn)
 s - a +0 pair of gloves (worn)
 B - a +2 hat (worn)
 C - a +1 pair of boots of running (worn)
 L - the cursed +0 scale mail "Hiudil" (worn) {Regen+}
   (You found it on level 3 of the Lair of Beasts)

   It increases your rate of regeneration.
   It has a curse placed upon it.
Jewellery
 b - a cursed ring of teleportation (left hand)
 n - an uncursed ring of magical power
 p - a ring of protection from cold (right hand)
 r - an uncursed amulet of regeneration {unknown}
 x - an amulet of clarity (around neck)
 z - an uncursed ring of sustain attributes
 D - an uncursed amulet of resist corrosion
Wands
 w - a wand of teleportation (5)
 E - a wand of enslavement (18)
 G - a wand of magic darts (26)
Scrolls
 c - 5 scrolls of fog
 e - 5 scrolls of amnesia
 i - 3 scrolls of noise
 m - 3 scrolls of teleportation
 u - 4 scrolls of recharging
 v - 3 scrolls of magic mapping
 y - 2 scrolls of enchant armour
 F - 2 scrolls of immolation
 H - a scroll of enchant weapon
Potions
 f - 4 potions of cancellation
 h - 13 potions of curing
 j - 3 potions of brilliance
 k - 2 potions of flight
 l - 4 potions of heal wounds
 o - 4 potions of haste
 q - a potion of magic
 t - 2 potions of resistance
 A - a potion of agility
Books
 a - the Grimoire of Moulding
   (You found it on level 3 of the Lair of Beasts)

   Spells                             Type                      Level
   a - Beastly Appendage              Transmutation                1
   b - Alistair's Intoxication        Transmutation/Poison         4
   c - Petrify                        Transmutation/Earth          4
   d - Hydra Form                     Transmutation                6


   Skills:
 + Level 6.6(11.6) Fighting
 + Level 13.8(18.8) Long Blades
 + Level 9.4(14.4) Dodging
 - Level 3.0(8.0) Stealth
 - Level 3.0 Spellcasting
   Level 0.6 Conjurations
 - Level 5.1 Charms
 - Level 5.7 Ice Magic
 + Level 5.4 Invocations


You had 6 spell levels left.
You knew the following spells:

 Your Spells              Type           Power        Failure   Level  Hunger
a - Freeze                Ice            ###.         17%         1    None
b - Ozocubu's Armour      Chrm/Ice       ###.....     45%         3    ###....
c - Spectral Weapon       Hex/Chrm       ##......     98%         3    ###....
d - Condensation Shield   Ice            ###.......   97%         4    ####...


Dungeon Overview and Level Annotations

Branches:
Dungeon (11/15)            Temple (0/1) D:4            Lair (5/8) D:9
  Snake (0/4) Lair:4          Orc (0/4) D:10
  Swamp: Lair:3-6    Shoals: Lair:3-6

Altars:
Dithmenos
Gozag
Kikubaaqudgha
Nemelex Xobeh
Okawaru
Ru
Trog
Yredelemnul
Zin
The Shining One

Shops:
D:3 *   D:5 =*   D:6 *   D:8 *[?

Annotations:
Lair:5 exclusion: 3 oklob plants


Innate Abilities, Weirdness & Mutations

You have razor-sharp teeth.
You have supernaturally acute eyesight.
You can survive without breathing.


Message History

The 15-headed hydra bites you.
* * * LOW HITPOINT WARNING * * *
The 15-headed hydra closely misses you.
The 15-headed hydra bites you but does no damage. x2
The 15-headed hydra bites you.
* * * LOW HITPOINT WARNING * * *
The 15-headed hydra misses you.
The 15-headed hydra completely misses you.
You are too injured to fight recklessly!
Unknown command.
You barely miss the 15-headed hydra.
The 15-headed hydra is almost dead.
Unknown command.
You barely miss the 15-headed hydra.
The 15-headed hydra is almost dead.
The 15-headed hydra misses you. The 15-headed hydra bites you.
* * * LOW HITPOINT WARNING * * *
The 15-headed hydra bites you but does no damage. x2
The 15-headed hydra bites you!
You die...

##.# #.........#
##.# ### #P#†..>...
#..# ##.####
###..†.P #P.#
##.....# #.....#
##.# ####......#
#.....#
##P.####........##
......#
##.....###......P#
#.......
##P..##..........##
.......#
#P....###......@P#
........# ##...###
###....D### ...
#..### ##......###
.... ...#
####.....##....
#### #.#...#.......
## ##.##.........
.# #####.#.........
## #.#......#......
##........#.....


You could see a 15-headed hydra.

Vanquished Creatures
  Fannar (D:10)
  Urug (Lair:2)
  Pikel (D:5)
  A griffon (Lair:3)
  The ghost of Yermak the Covert, a novice OpAs (D:7)
  Joseph (Lair:1)
  A black mamba (Lair:4)
  A centaur skeleton (D:8)
  7 spiny frogs
  5 komodo dragons
  2 trolls (D:9)
  Prince Ribbit (D:8)
  5 blink frogs (Lair:3)
  The ghost of Yermak the Covert, an amateur OpAs (D:3)
  A wraith (D:10)
  Sigmund (D:2)
  A spriggan (D:7)
  17 yaks
  2 hippogriffs
  A naga (Lair:4)
  6 water moccasins
  A phantom (D:6)
  9 porcupines
  4 ice beasts
  A black bear (D:9)
  3 ogres
  3 orc warriors (Bailey)
  A wasp (D:9)
  5 centaurs
  4 sky beasts
  An eye of draining (D:8)
  2 necrophages
  5 crocodiles
  7 giant frogs
  A water moccasin skeleton (D:9)
  5 scorpions
  9 wights
  A crimson imp (D:3)
  A centaur zombie (Ossuary)
  A giant frog zombie (D:7)
  2 orc priests
  3 hounds
  13 iguanas
  A jelly (D:10)
  6 orc wizards
  2 giant frog skeletons
  Terence (D:3)
  11 worker ants
  4 ogre zombies (Ossuary)
  7 mummies (Ossuary)
  A gnoll (Bailey)
  22 river rats
  8 adders
  A shadow imp (D:9)
  2 adder skeletons
  3 adder zombies
  4 worms
  3 giant geckos
  17 orcs
  8 ball pythons
  7 giant cockroaches
  2 gnoll zombies (Ossuary)
  11 goblins
  6 hobgoblins
  10 jackals
  2 quokkas
  11 bats
  10 giant newts
  3 goblin zombies
  2 hobgoblin zombies (Ossuary)
  A jackal skeleton (D:4)
  A jackal zombie (D:6)
  7 kobolds
  8 kobold zombies (Ossuary)
  An orc zombie (Ossuary)
  3 quokka zombies
  14 rats
  6 rat zombies (Ossuary)
346 creatures vanquished.

Vanquished Creatures (others)
  Menkaure (D:5)
  A bush (D:6)
  2 fungi
  3 plants
7 creatures vanquished.

Grand Total: 353 creatures vanquished

Notes
Turn   | Place    | Note
--------------------------------------------------------------
     0 | D:1      | MDvedh the Vampire Ice Elementalist began the quest for the Orb.
     0 | D:1      | Reached XP level 1. HP: 13/13 MP: 3/3
   271 | D:1      | Reached XP level 2. HP: 16/19 MP: 5/5
   657 | D:1      | Reached skill level 4 in Ice Magic
   926 | D:2      | Found a sacrificial altar of Ru.
   978 | D:2      | Reached XP level 3. HP: 22/24 MP: 6/6
  1012 | D:2      | Found an iron altar of Okawaru.
  1021 | D:2      | Became a worshipper of Warmaster Okawaru
  1032 | D:2      | Found a glowing silver altar of Zin.
  1234 | D:2      | Learned a level 3 spell: Ozocubu's Armour
  1482 | D:2      | Found an ancient bone altar of Kikubaaqudgha.
  1767 | D:2      | You fall through a shaft!
  1767 | D:3      | Found a basalt altar of Yredelemnul.
  1819 | D:3      | Noticed Terence
  1858 | D:3      | Killed Terence
  1858 | D:3      | Reached skill level 1 in Charms
  1858 | D:3      | Reached XP level 4. HP: 18/30 MP: 0/7
  1947 | D:3      | Noticed Yermak's ghost (amateur OpAs)
  2060 | D:2      | Noticed Sigmund
  2080 | D:2      | Killed Sigmund
  2080 | D:2      | Reached skill level 5 in Ice Magic
  2080 | D:2      | Reached XP level 5. HP: 31/35 MP: 0/8
  2294 | D:3      | Killed Yermak's ghost
  2294 | D:3      | Reached skill level 5 in Charms
  2294 | D:3      | Reached XP level 6. HP: 30/41 MP: 0/9
  2632 | D:3      | Found an opulent altar of Gozag.
  2633 | D:3      | Found Gozag's Platinum Reserve.
  2769 | D:4      | Found a glowing drain.
  2788 | D:4      | Reached * piety under Okawaru
  2817 | Sewer    | Entered a sewer
  3163 | D:4      | Reached XP level 7. HP: 34/46 MP: 1/10
  3208 | D:4      | Found a staircase to the Ecumenical Temple.
  3438 | D:4      | Found a sacrificial altar of Ru.
  3686 | D:5      | Entered Level 5 of the Dungeon
  3689 | D:5      | Found a sand-covered staircase.
  3711 | Ossuary  | Entered an ossuary
  3802 | Ossuary  | Reached skill level 1 in Long Blades
  5238 | D:5      | Found a shadowy altar of Dithmenos.
  5393 | D:5      | Found Eqitol's General Store.
  5405 | D:5      | Bought a scroll of blinking for 90 gold pieces
  5416 | D:5      | Found Qanufam's Jewellery Shoppe.
  5424 | D:5      | Bought an uncursed amulet of clarity for 240 gold pieces
  5430 | D:5      | Noticed Pikel
  5456 | D:5      | Killed Pikel
  5456 | D:5      | Reached ** piety under Okawaru
  5456 | D:5      | Reached skill level 6 in Long Blades
  5456 | D:5      | Reached XP level 8. HP: 16/52 MP: 0/12
  5570 | D:5      | Killed Menkaure
  5891 | D:6      | Reached skill level 7 in Long Blades
  6054 | D:6      | Found Ceuhios's Commerce Corner.
  6059 | D:6      | Found a sparkling altar of Nemelex Xobeh.
  6194 | D:6      | Reached skill level 8 in Long Blades
  6583 | D:6      | Reached XP level 9. HP: 25/57 MP: 3/13
  6623 | D:6      | Reached *** piety under Okawaru
  6969 | D:7      | Noticed Yermak's ghost (novice OpAs)
  7020 | D:7      | Reached skill level 9 in Long Blades
  7026 | D:7      | Killed Yermak's ghost
  7036 | D:7      | Found a bloodstained altar of Trog.
  7046 | D:7      | Got a crystal flail
  7047 | D:7      | Identified the +5 flail of Law {crush, MR++ Int+4 Stlth-} (You found it on level 7 of the Dungeon)
  7137 | D:7      | Reached skill level 10 in Long Blades
  7142 | D:7      | Found a flagged portal.
  7323 | Bailey   | Entered a bailey
  7473 | Bailey   | Found an iron altar of Okawaru.
  8036 | D:7      | Reached skill level 11 in Long Blades
  8501 | D:8      | Found a glowing golden altar of the Shining One.
  8759 | D:8      | Reached XP level 10. HP: 63/63 MP: 8/14
  8789 | D:8      | Noticed Prince Ribbit
  8804 | D:8      | Killed Prince Ribbit
  8804 | D:8      | Reached **** piety under Okawaru
  8832 | D:8      | Noticed a centaur skeleton
  8841 | D:8      | Killed a centaur skeleton
  8841 | D:8      | Reached skill level 12 in Long Blades
  9080 | D:8      | Found Oprawn's General Store.
  9084 | D:8      | Found Kaossear's Antique Armour Emporium.
  9093 | D:8      | Bought a pair of crude boots for 285 gold pieces
  9098 | D:8      | Identified the +0 pair of boots of the Suburbs {Str-2 Int+4 Dex+3} (You bought it in a shop on level 8 of the Dungeon)
  9126 | D:8      | Received a gift from Okawaru
  9268 | D:8      | Found Xuefalao's Magic Scroll Shoppe.
  9271 | D:8      | Bought a scroll of identify for 30 gold pieces
  9350 | D:9      | Reached skill level 1 in Fighting
  9378 | D:9      | You fall through a shaft!
  9378 | D:10     | Entered Level 10 of the Dungeon
  9463 | D:9      | Reached skill level 5 in Dodging
 10064 | D:9      | Identified the Guide on the Congealing Oath
 10069 | D:9      | Learned a level 3 spell: Spectral Weapon
 10106 | D:9      | Found a staircase to the Lair.
 10380 | D:9      | Reached ***** piety under Okawaru
 10738 | D:8      | Bought a scroll of remove curse for 45 gold pieces
 11044 | D:10     | Found a staircase to the Orcish Mines.
 11127 | D:10     | Reached skill level 1 in Invocations
 11224 | D:10     | Noticed Fannar
 11590 | D:10     | Killed Fannar
 11590 | D:10     | Reached XP level 11. HP: 35/77 MP: 5/15
 11717 | D:10     | Received a gift from Okawaru
 11733 | D:10     | Reached skill level 13 in Long Blades
 12032 | Lair:1   | Entered Level 1 of the Lair of Beasts
 12523 | Lair:1   | Noticed Joseph
 12587 | Lair:1   | Killed Joseph
 12984 | Lair:2   | Reached skill level 5 in Fighting
 13468 | Lair:2   | Received a gift from Okawaru
 13485 | Lair:2   | Identified a +1 pair of boots of running (Okawaru gifted it to you on level 2 of the Lair of Beasts)
 13920 | Lair:2   | Noticed Urug
 13938 | Lair:2   | Killed Urug
 14667 | Lair:3   | Reached XP level 12. HP: 86/88 MP: 8/16
 14700 | Lair:3   | Got a distressingly furry scale mail
 14716 | Lair:3   | Learned a level 4 spell: Condensation Shield
 14726 | Lair:3   | Identified the cursed +0 scale mail "Hiudil" {Regen+} (You found it on level 3 of the Lair of Beasts)
 14910 | Lair:3   | Identified the Grimoire of Moulding
 15130 | Lair:3   | Found a sacrificial altar of Ru.
 15314 | Lair:3   | Reached skill level 5 in Invocations
 15595 | Lair:4   | Found a staircase to the Snake Pit.
 15708 | Lair:4   | Noticed a four-headed hydra
 15753 | Lair:4   | Noticed a six-headed hydra
 15788 | Lair:5   | Noticed a four-headed hydra
 16419 | Lair:4   | Slain by a 15-headed hydra

Vault maps used:
D:1:      nicolae_arrival_somewhat_less_tricky_arrival
D:2:      lemuel_crystal_altar, nicolae_overflow_hidden_temple,
          old_standard_altar, lemuel_round_altar, okawaru_metal_pillars_3,
          uniq_sigmund
D:3:      overflow_temple_1_default, nicolae_gozag_zags_fifth_avenue,
          uniq_terence
D:4:      kennysheep_the_goblin_king, minmay_temple_entry_statues_fountains,
          portal_sewer_entry_a, nicolae_ru_great_annihilating_truth
D:5:      grunt_dithmenos_smoke_and_mirrors, first_bread, serial_shops,
          nicolae_shop_behind_doors, nicolae_shop_crystal, shop_statue,
          enter_ossuary_4, uniq_pikel, uniq_menkaure
D:6:      nemelex_xobeh_ov_fountains_minmay, kb_lookout_dungeons_type,
          hangedman_decor_riveting, nicolae_alphabet_shops
D:7:      old_standard_altar, enter_bailey_2, the_bakery
D:8:      lemuel_crystal_altar, serial_shops, kennysheep_mini_moat,
          kennysheep_mini, shop_fountains, shop, kennysheep_another_room,
          uniq_prince_ribbit1
D:9:      lair_0_dummy
D:10:     orc_0_dummy, uniq_fannar
D:11:     fedhas_altar_4, uniq_sonja
Lair:1:   uniq_joseph
Lair:2:   st_stairs_5, beast_lair_carwin_8, uniq_urug
Lair:3:   basic_altar, minmay_holes, serial_bayou_shore_b
Lair:4:   guppyfry_snake_entry_garden, lemuel_fruit_tree
Lair:5:   elwin_shoals_entry_rooms, disabler_island
Sewer:    sewer_co_cracked_pipes
Ossuary:  ossuary_boxes_badplayer
Bailey:   bailey_axe_3, bailey

Action                   |  1- 3 |  4- 6 |  7- 9 | 10-12 || total
-------------------------+-------+-------+-------+-------++-------
Melee: Spear             |   157 |    74 |    20 |       ||   251
       Unarmed           |     9 |       |       |    17 ||    26
       Falchion          |       |       |   598 |   195 ||   793
       Scimitar          |       |       |       |   489 ||   489
       Great sword       |       |       |       |    51 ||    51
 Cast: Freeze            |    26 |    36 |    80 |    65 ||   207
       Ozocubu's Armour  |     1 |     2 |    19 |    17 ||    39
       Spectral Weapon   |       |       |       |     1 ||     1
Invok: Heroism           |       |       |    12 |    24 ||    36
       Finesse           |       |       |       |     1 ||     1
  Use: Scroll            |     4 |     5 |    14 |    10 ||    33
       Potion            |       |     2 |     5 |     8 ||    15
 Stab: Sleeping          |     4 |     3 |    17 |    23 ||    47
       Paralysed         |       |       |     1 |       ||     1
  Eat: Corpse            |     3 |    15 |    15 |    28 ||    61
